 Dungeon Crawl Stone Soup version 0.30-a0-1070-gd49b78fada (webtiles) character file.

Game seed: 1000253243013245842

39 Ijustatesigmund the Conjurer (level 3, -10/19 HPs)
             Began as a Deep Elf Conjurer on Apr 13, 2023.
             Mangled by a gnoll
             ... wielding a +0 flail
              (13 damage)
             ... on level 4 of the Dungeon.
             The game lasted 00:02:09 (1572 turns).

Ijustatesigmund the Conjurer (Deep Elf Conjurer)    Turns: 1572, Time: 00:02:09

Health: -10/19     AC:  2    Str:  4    XL:     3   Next: 28%
Magic:  19/19      EV: 12    Int: 24    God:
Gold:   47         SH:  0    Dex: 13    Spells: 7/10 levels left

rFire   . . .      SeeInvis .    e - +0 dagger
rCold   . . .      Faith    .    (no shield)
rNeg    . . .      Spirit   .    a - +0 robe
rPois   .          Reflect  .    (no helmet)
rElec   .          Rampage  .    (no cloak)
rCorr   .                        (no gloves)
Will    .....                    (no boots)
Stlth   +                        (no amulet)
HPRegen 0.23/turn                h - ring of magical power
MPRegen 0.16/turn                (no ring)

@: silenced
A: no striking features
a: no special abilities


You were on level 4 of the Dungeon.
You visited 1 branch of the dungeon, and saw 3 of its levels.

You collected 47 gold pieces.

Inventory:

Hand Weapons
 e - a +0 dagger (weapon)
Armour
 a - a +0 robe (worn)
Jewellery
 h - a ring of magical power (left hand)
Potions
 b - a potion of magic
 d - a potion of brilliance {unknown}
 f - a potion of berserk rage {unknown}


   Skills:
 - Level 2.4 Dodging
 - Level 2.4 Stealth
 + Level 4.2 Spellcasting
 + Level 5.1 Conjurations


You had 7 spell levels left.
You knew the following spells:

 Your Spells              Type           Power      Damage    Failure   Level
a - Magic Dart            Conj           100%       1d8       1%          1
b - Searing Ray           Conj           58%        2d6       1%          2

Your spell library contained the following spells:

 Spells                   Type           Power      Damage    Failure   Level
 Dazzling Flash           Conj/Hex       34%        N/A       10%         3
 Fulminant Prism          Conj/Hex       8%         3d7       32%         4
 Iskenderun's Mystic Bla  Conj/Tloc      17%        2d5       32%         4


Dungeon Overview and Level Annotations

Branches:
Dungeon (2/15)

Altars:


Message History

You climb downwards.
There is a stone staircase leading up here.
You open the door.
There is an open door here.
A sourceless malevolence fills the Dungeon...
You fall into a shaft and drop 2 floors!
The shaft crumbles and collapses. 2 gnolls come into view. 2 wights come into view.
A wight and 2 gnolls come into view.
The gnoll shouts!
A wight comes into view. It is wielding a +2 morningstar.
A wight comes into view. It is wielding a +0 dagger.
The gnoll shouts! x3
A goblin comes into view. It is wielding a +0 club.
The goblin shouts!
The gnoll throws a throwing net.
The throwing net hits you.
You become entangled in the net!
You see here a throwing net.
You struggle against the net.
You struggle against the net.
You struggle against the net.
You rip the net and break free!
The gnoll misses you. The gnoll closely misses you.
The gnoll throws a throwing net.
The throwing net barely misses you. The gnoll attacks as you move away!
The gnoll hits you with a +0 whip.
As you read the scroll labelled EGYSADUELLE, it crumbles to dust.
The scroll dissolves into smoke.
It was a scroll of fog.
The gnoll hits you with a +0 whip.
As you read the scroll labelled NASMEMPO VA KUISA, it crumbles to dust.
A profound silence engulfs you.
It was a scroll of silence.
The gnoll closely misses you.
You see here a throwing net.
The gnoll attacks as you move away! The gnoll hits you with a +0 flail.
The gnoll attacks as you move away! The gnoll hits you with a +0 whip!
* * * LOW HITPOINT WARNING * * *
The gnoll attacks as you move away! The gnoll closely misses you.
The gnoll attacks as you move away! The gnoll hits you with a +0 flail!
Ouch! That really hurt!
You die...

........ #...........
#.. #######. ## ##.#
#. .. #..# #z ..
##..## ##. #.
##§§§.### #.g
#..####z§§§§..#####g.
#..@gg§§§.zg.z..#..#
#..##.g§§§§§##z......#
# ##§§§§§§.####....#
#.§..§...# ##...#
##......... ##..#
#....#..... #.g#
#....##.........
#....# #........ ...


You could see 2 gnolls and a goblin.

Vanquished Creatures
  2 dart slugs (D:1)
  A ball python (D:1)
  6 endoplasms (D:1)
  2 giant cockroaches (D:1)
  2 goblins (D:1)
  4 hobgoblins (D:1)
  4 jackals (D:1)
  A quokka (D:1)
  A frilled lizard (D:1)
  3 kobolds (D:1)
  3 rats (D:1)
29 creatures vanquished.

Notes
Turn   | Place    | Note
-------+----------+-------------------------------------------
     0 | D:1      | Ijustatesigmund the Deep Elf Conjurer began the quest for
                  | the Orb.
     0 | D:1      | Reached XP level 1. HP: 10/10 MP: 6/6
   241 | D:1      | Reached XP level 2. HP: 15/15 MP: 6/8
   247 | D:1      | Learned a level 2 spell: Searing Ray
   971 | D:1      | Reached skill level 5 in Conjurations
   971 | D:1      | Reached XP level 3. HP: 19/19 MP: 7/10
  1488 | D:2      | You fall into a shaft and drop 2 floors!
  1529 | D:4      | Noticed a wight
  1529 | D:4      | Noticed a wight
  1540 | D:4      | Noticed a wight
  1540 | D:4      | Noticed a wight
  1541 | D:4      | Noticed a wight
  1572 | D:4      | Mangled by a gnoll

Illustrated notes

Levels and vault maps discovered:
D:1:      heliophobic_arrival_henge, layout_loops_corners, st_stairs_9
D:2:      layout_rooms, basic_altar, grunt_ministairs_8
D:4:      layout_layer_cave

Skill      XL: |  1  2 |
---------------+-------+-----
Spellcasting   | 4 |  4.2
Conjurations   | 5 |  5.1
Dodging        | |  2.4
Stealth        | |  2.4

Action                     || total
---------------------------++-------
   Cast: Magic Dart        ||    49
         Searing Ray       ||     1
    Use: Scroll            ||     2
  Dodge: Dodged            ||     8

Table legend: (Time is in decaauts)
 A = Elapsed time spent in this place.
 B = Non-inter-level travel time spent in this place.
 C = Inter-level travel time spent in this place.
 D = Time resting spent in this place.
 E = Time spent auto-exploring this place.
 F = Levels seen in this place.
 G = Mean time per level.
                   A        B        C        D        E       F      G
               +--------+--------+--------+--------+--------+-----+--------+
         Total |   1572 |   1550 |     22 |    302 |   1060 |   3 |  524.0 |
       Dungeon |   1572 |   1550 |     22 |    302 |   1060 |   3 |  524.0 |
               +--------+--------+--------+--------+--------+-----+--------+

Top non-repeatable levels by time:
     D:1: 1456 daAuts
     D:4: 83 daAuts
     D:2: 32 daAuts
